 Dungeon Crawl Stone Soup version 0.31.0-12-g77e489cdc1 (webtiles) character file.

Game seed: 4865196944655004443

56 hawla the Shield-Bearer (level 3, -1/33 HPs)
             Began as a Minotaur Fighter on Feb 17, 2024.
             Slain by Grinder (7 damage)
             ... while paralysed by Grinder
             ... on level 3 of the Dungeon.
             The game lasted 00:02:49 (1808 turns).

hawla the Shield-Bearer (Minotaur Fighter)          Turns: 1808, Time: 00:02:49

Health: -1/33      AC:  9    Str: 22    XL:     3   Next: 71%
Magic:  2/2        EV:  2    Int:  5    God:
Gold:   127        SH:  0    Dex:  9    Spells: 2/2 levels left

rFire   + . .        a - +0 war axe
rCold   . . .        c - +1 buckler
rNeg    . . .        i - +0 chain mail
rPois   .            (helmet restricted)
rElec   .            (no cloak)
rCorr   .            (no gloves)
SInv    .            (no boots)
Will    .....        (no amulet) Stlth
                     b - ring of protection from fire
HPRegen 0.25/turn    (no ring)
MPRegen 0.08/turn

%: no passive effects
@: paralysed
A: horns 2, retaliatory headbutt
a: no special abilities


You were on level 3 of the Dungeon.
You visited 1 branch of the dungeon, and saw 3 of its levels.

You collected 127 gold pieces.

Inventory:

Hand Weapons
 a - a +0 war axe (weapon)
Armour
 c - a +1 buckler (worn)
 i - a +0 chain mail (worn)
Jewellery
 b - a ring of protection from fire (left hand)
Scrolls
 f - a scroll of fog
 g - a scroll of teleportation
 h - a scroll of fear
Potions
 d - a potion of might
 j - a potion of haste {unknown}
 k - 2 potions of brilliance {unknown}
 l - a potion of lignification {unknown}


   Skills:
 - Level 4.0 Fighting
 - Level 2.4 Axes
 - Level 3.6 Armour
 + Level 1.8 Dodging
 - Level 5.0 Shields


You had 2 spell levels left.
You didn't know any spells.
Your spell library was empty.

Dungeon Overview and Level Annotations

Branches:
Dungeon (3/15)

Altars:

Annotations:
D:3 Grinder


Innate Abilities, Weirdness & Mutations

You have a pair of horns on your head.
You reflexively headbutt those who attack you in melee.


Message History

No target in view!
Grinder and a quokka come into view.
Grinder shouts!
A hobgoblin comes into view.
There are monsters nearby!
There are monsters nearby!
The hobgoblin shouts!
Grinder hits you but does no damage.
The quokka bites you but does no damage.
You hit Grinder but do no damage. You hit the quokka.
The quokka bites you but does no damage.
Grinder gestures at you. Pain shoots through your body!
You hit the quokka.
You kill the quokka!
You hit Grinder. You block Grinder's attack.
You slash Grinder!
Grinder is moderately wounded.
You hit the hobgoblin but do no damage.
The hobgoblin hits you but does no damage.
You block Grinder's attack. You block the hobgoblin's attack.
Grinder hits you but does no damage.
Unknown command.
You slash Grinder!
Grinder is severely wounded.
You hit the hobgoblin but do no damage. Grinder gestures at you.
Pain shoots through your body! The hobgoblin barely misses you.
You barely miss Grinder.
Grinder is severely wounded.
You closely miss the hobgoblin. Grinder gestures at you.
You suddenly lose the ability to move!
The hobgoblin hits you. Grinder hits you.
You writhe in agony.
The hobgoblin hits you.
* * * LOW HITPOINT WARNING * * *
The hobgoblin hits you.
* * * LOW HITPOINT WARNING * * *
Grinder hits you!
You die...
Grinder sighs, "Dead already?
I want a refund."

###+#######
.........# #.
#........#
#.###........#
..#..@g.....#
#.#.#.5.....#
#.#.#.......#
#.#.#.......#
#.#.#########
#.#.# #.#.#
#.#.# ##.#.#


You could see Grinder and a hobgoblin.

Vanquished Creatures
  An adder (D:2)
  A ribbon worm (D:2)
  A dart slug (D:1)
  5 endoplasms
  5 goblins
  4 hobgoblins
  5 kobolds
  3 quokkas
  4 ball pythons
  2 bats
  5 frilled lizards (D:1)
  5 rats
41 creatures vanquished.

Notes
Turn   | Place    | Note
-------+----------+-------------------------------------------
     0 | D:1      | hawla the Minotaur Fighter began the quest for the Orb.
     0 | D:1      | Reached XP level 1. HP: 19/19 MP: 0/0
    17 | D:1      | Noticed an electric eel
    39 | D:1      | Found a faded altar of an unknown god.
   174 | D:1      | Reached skill level 4 in Shields
   176 | D:1      | Reached XP level 2. HP: 27/27 MP: 1/1
  1018 | D:2      | Reached XP level 3. HP: 33/33 MP: 2/2
  1044 | D:2      | Reached skill level 5 in Shields
  1050 | D:2      | Reached skill level 1 in Dodging
  1799 | D:3      | Noticed Grinder
  1806 | D:3      | Paralysed by Grinder for 3 turns
  1808 | D:3      | Slain by Grinder

Illustrated notes

Levels and vault maps discovered:
D:1:      arrival_aquarium_a, layout_loops_cross,
          chequers_ecumenical_altar_simple_redux
D:2:      cheibrodos_old_hovel, layout_basic, moated_statue
D:3:      layout_basic, nicolae_vehumet_altar_sigil,
          nicolae_qazlal_style_of_elements, xom_redecorated,
          serial_co_window_serial, co_window_paths_b, co_window_corner_a,
          co_window_paths_a, co_window_of_opportunity_a, co_window_paths_a,
          co_window_of_opportunity_c, co_window_corner_b,
          co_window_unsneaky_path_a, co_window_paths_e, glass_columns_c,
          grunt_ministairs_6, uniq_grinder, uniq_natasha

Skill      XL: |  1  2  3 |
---------------+----------+-----
Fighting       | 4 |  4.0
Shields        | 4 5 |  5.0
Dodging        | 1 |  1.8
Axes           | |  2.4
Armour         | |  3.6

Action                     || total
---------------------------++-------
  Melee: War axe           ||    91
         Headbutt          ||    10
    Use: Scroll            ||     4
 Armour: Scale mail        ||    28
         Chain mail        ||    36
  Dodge: Dodged            ||    38
  Block: Buckler           ||    22
